 Dungeon Crawl Stone Soup version 0.20.1-1-g8b1a95d (webtiles) character file.

908 CInkIbrahim the Spear-Bearer (level 8, 0/50 HPs)
             Began as an Octopode Gladiator on Aug 11, 2017.
             Was an Initiate of Ashenzari.
             Slain by a sky beast (2 damage)
             ... on level 5 of the Dungeon.
             The game lasted 00:07:31 (3953 turns).

CInkIbrahim the Spear-Bearer (Octopode Gladiator)   Turns: 3953, Time: 00:07:32

Health: 0/50       AC:  2    Str: 14    XL:     8   Next: 8%
Magic:  8/8        EV: 14    Int: 10    God:    Ashenzari [......]
Gold:   138        SH:  3    Dex: 15    Spells: 7/7 levels left

rFire    . . .     SeeInvis .   a - +1 trident
rCold    . . .     Gourm    .   (no shield)
rNeg     . . .     Faith    .   b - +1 hat
rPois    .         Spirit   .   e - +3 amulet of reflection
rElec    .         Reflect  +   (no ring)
rCorr    .         Harm     .   (no ring)
MR       .....                  (no ring)
Stlth    ++........             (no ring)
Regen    0.2/turn               (no ring)
MPRegen  0.2/turn               (no ring)
                                (no ring)
                                (no ring)

@: about to teleport
A: almost no armour, stealthy swim, amphibious, 8 rings, constrict 8, camouflage
1, gelatinous body 1
a: Curse Item, Renounce Religion


You were on level 5 of the Dungeon.
You worshipped Ashenzari.
Ashenzari was noncommittal.
You were not hungry.

You visited 2 branches of the dungeon, and saw 6 of its levels.

You collected 138 gold pieces.

Inventory:

Hand Weapons
 a - a +1 trident (weapon)
Missiles
 c - 2 throwing nets (quivered)
 n - 6 tomahawks
Armour
 b - a +1 hat (worn)
Jewellery
 e - a +3 amulet of reflection (around mantle)
Scrolls
 i - a scroll of teleportation
 j - a scroll of enchant armour
 m - 5 scrolls of remove curse
 o - a scroll of fear {unknown}
 p - a scroll of enchant weapon
 q - 3 scrolls of identify
 s - a scroll of fog {unknown}
Books
 r - the Compendium of Somewhere Else
   (You found it on level 4 of the Dungeon)

   Spells                             Type                      Level
   a - Beastly Appendage              Transmutation                1
   b - Song of Slaying                Charms                       2
   c - Passwall                       Transmutation/Earth          2
   d - Regeneration                   Charms/Necromancy            3
   e - Deflect Missiles               Charms/Air                   6
   f - Statue Form                    Transmutation/Earth          6
Comestibles
 d - 4 bread rations
 f - 2 fruits
 k - a royal jelly
 l - 2 meat rations


   Skills:
 - Level 2.0 Fighting
 + Level 9.4 Polearms
 - Level 2.0 Throwing
 - Level 3.0 Dodging


You had 7 spell levels left.
You didn't know any spells.

Dungeon Overview and Level Annotations

Branches:
Dungeon (5/15)             Temple (1/1) D:4

Altars:
Ashenzari
Cheibriados
Elyvilon
Fedhas
Gozag
Hepliaklqana
Kikubaaqudgha
Makhleb
Nemelex Xobeh
Okawaru
Qazlal
Ru
Sif Muna
Trog
Uskayaw
Vehumet
Xom
Yredelemnul
Zin
The Shining One


Innate Abilities, Weirdness & Mutations

You cannot wear most types of armour.
You are very stealthy in the water. (Stealth+)
You are amphibious.
You can wear up to eight rings at the same time.
You can use your tentacles to constrict eight enemies at once.
Your skin changes colour to match your surroundings (Stealth+).
Your rubbery body absorbs attacks. (AC +1, EV +1)


Message History

The sky beast shocks you.
* * * LOW HITPOINT WARNING * * *
You feel yourself slow down.
As you read the scroll labeled COALIUSTR KEFOH, it crumbles to dust.
You feel strangely unstable.
It was a scroll of teleportation.
The sky beast flickers out of sight!
Deactivating autopickup; reactivate with Ctrl-A.
Something hits you.
* * * LOW HITPOINT WARNING * * *
Something shocks you.
* * * LOW HITPOINT WARNING * * *
A sky beast appears from thin air!
Reactivating autopickup.
As you read the scroll labeled QURUKKYEFEV, it crumbles to dust.
It is a scroll of enchant armour.
Your +0 hat glows green for a moment.
The sky beast closely misses you.
As you read the scroll labeled XEGHUC OHELA, it crumbles to dust.
It is a scroll of enchant weapon.
Your +0 trident glows red for a moment.
The sky beast hits you.
You die...

.........##'#'########.
.........#.............
.).......#.....^.......
.........#.............
.........#.............
.........#.............
# #............. #
####################. #
#............@Y....# #
#............#####.# #
#............# #.# #
#............# #.#
####............# ##.#
'...............# #..#
################# #.##
# #.#######. #
#[#.......


You could see a sky beast.

Vanquished Creatures
  Pikel (D:5)
  A slave (D:5)
  An ogre (D:4)
  A howler monkey (D:5)
  A crimson imp (D:5)
  A bullfrog skeleton (D:4)
  A gnoll shaman (D:4)
  A hound (D:5)
  A worker ant (D:4)
  6 gnolls
  5 adders
  An ooze (D:1)
  An adder skeleton (D:4)
  3 worms
  3 dart slugs
  2 leopard geckos
  4 orcs (D:3)
  4 giant cockroaches
  5 goblins
  6 hobgoblins
  3 jackals
  A quokka (D:4)
  4 ball pythons
  8 bats
  7 frilled lizards
  A jackal zombie (D:5)
  4 kobolds
  A leopard gecko skeleton (D:4)
  A quokka zombie (D:5)
  10 rats
89 creatures vanquished.

Vanquished Creatures (others)
  A leopard gecko (D:5)
1 creature vanquished.

Grand Total: 90 creatures vanquished

Notes
Turn   | Place    | Note
-------+----------+-------------------------------------------
     0 | D:1      | CInkIbrahim the Octopode Gladiator began the quest for the Orb.
     0 | D:1      | Reached XP level 1. HP: 14/14 MP: 1/1
   106 | D:1      | Reached XP level 2. HP: 19/19 MP: 2/2
   272 | D:1      | Reached skill level 4 in Polearms
   311 | D:1      | Reached XP level 3. HP: 23/24 MP: 3/3
   797 | D:2      | Found a blossoming altar of Fedhas.
   800 | D:2      | Found a hazy altar of Hepliaklqana.
  1133 | D:2      | Found a faded altar of an unknown god.
  1394 | D:3      | Reached XP level 4. HP: 29/29 MP: 4/4
  1635 | D:3      | Reached skill level 5 in Polearms
  2205 | D:4      | Reached XP level 5. HP: 34/34 MP: 5/5
  2338 | D:4      | Reached skill level 6 in Polearms
  2629 | D:4      | Noticed an ogre
  2648 | D:4      | Killed an ogre
  2648 | D:4      | Reached XP level 6. HP: 12/39 MP: 6/6
  2705 | D:4      | Reached skill level 7 in Polearms
  2878 | D:4      | Identified the Compendium of Somewhere Else
  2924 | D:4      | Found a staircase to the Ecumenical Temple.
  2943 | Temple   | Entered the Ecumenical Temple
  3014 | Temple   | Became a worshipper of Ashenzari the Shackled
  3422 | D:5      | Entered Level 5 of the Dungeon
  3677 | D:5      | Reached XP level 7. HP: 20/45 MP: 7/7
  3882 | D:5      | Noticed Pikel
  3905 | D:5      | Killed Pikel
  3905 | D:5      | Reached skill level 9 in Polearms
  3905 | D:5      | Reached XP level 8. HP: 15/50 MP: 8/8
  3950 | D:5      | HP: 1/50 [something (5)]
  3953 | D:5      | Slain by a sky beast

Skill      XL: |  1  2  3  4  5  6  7 |
---------------+----------------------+-----
Polearms       | 4 5 6 7 9 |  9.4
Fighting       | |  2.0
Throwing       | |  2.0
Dodging        | |  3.0

Action                   |  1- 3 |  4- 6 |  7- 9 || total
-------------------------+-------+-------+-------++-------
Melee: Trident           |    85 |   121 |    16 ||   222
       Constrict         |    18 |    23 |     3 ||    44
       Tentacles         |     6 |    32 |     7 ||    45
Throw: Throwing net      |       |     2 |       ||     2
  Use: Scroll            |       |     2 |     3 ||     5
       Potion            |       |       |     2 ||     2
 Stab: Sleeping          |    17 |     4 |       ||    21
       Distracted        |       |     1 |       ||     1
  Eat: Chunk             |     1 |     8 |     1 ||    10
Armor: Skin              |     5 |     3 |       ||     8
Dodge: Dodged            |    28 |    42 |     2 ||    72
Block: Other             |     1 |     8 |     1 ||    10
